 Dungeon Crawl Stone Soup version 0.30-b1-2-g02819fbbbe (webtiles) character file.

Game seed: 3272315647107131554

1231 Anothat the Covert (level 8, -13/61 HPs)
             Began as a Gnoll Wanderer on May 10, 2023.
             Was an Initiate of Ashenzari.
             Hit by a large rock thrown by a cyclops (35 damage)
             ... on level 6 of the Dungeon.
             The game lasted 00:09:36 (5565 turns).

Anothat the Covert (Gnoll Wanderer)                 Turns: 5565, Time: 00:09:37

Health: -13/61     AC:  9    Str: 10    XL:     8   Next: 48%
Magic:  13/13      EV: 11    Int: 12    God:    Ashenzari [......]
Gold:   1380       SH:  0    Dex: 15    Spells: 13/13 levels left

rFire   . . .        q - +2 dagger (venom)
rCold   . . .        (no shield)
rNeg    . . .        k - +0 scale mail
rPois   .            e - +1 helmet
rElec   .            (no cloak)
rCorr   .            (no gloves)
SInv    .            (no boots)
Will    .....        (no amulet)
Stlth   +++          (no ring)
HPRegen 0.30/turn    (no ring)
MPRegen 0.13/turn

%: no passive effects
@: no status effects
A: fangs 1, strong nose, distributed training
a: Renounce Religion


You were on level 6 of the Dungeon.
You worshipped Ashenzari.
Ashenzari was noncommittal.
You visited 2 branches of the dungeon, and saw 7 of its levels.

You collected 1380 gold pieces.

Inventory:

Hand Weapons
 a - a +0 dagger
 d - a +0 falchion
 q - a +2 dagger of venom (weapon)
Missiles
 b - an atropa-tipped dart
 c - 2 datura-tipped darts (quivered)
 j - 4 poisoned darts
 y - 5 javelins
Armour
 e - a +1 helmet (worn)
 g - a +0 robe
 k - a +0 scale mail (worn)
 E - a +0 plate armour
Jewellery
 l - an amulet of faith
 m - a +4 ring of protection
 u - a +6 ring of dexterity
Wands
 f - a wand of mindburst (10)
 z - a wand of flame (19)
Scrolls
 h - a scroll of enchant armour
 r - a scroll of magic mapping
 v - a scroll of vulnerability {unknown}
 w - 4 scrolls of identify
 x - a scroll of silence {unknown}
 A - a scroll of brand weapon {unknown}
 B - a scroll of teleportation
 C - a scroll of torment {unknown}
 F - a scroll of butterflies {unknown}
Potions
 i - a potion of haste
 n - 4 potions of curing
 o - a potion of resistance
 p - a potion of heal wounds
 s - 3 potions of flight
 t - a potion of brilliance {unknown}
 D - a potion of lignification {unknown}


   Skills:
 + Level 4.3 Fighting
 + Level 3.4 Short Blades
 + Level 4.3 Long Blades
 + Level 3.4 Axes
 + Level 3.4 Maces & Flails
 + Level 3.4 Polearms
 + Level 3.4 Staves
 + Level 3.4 Ranged Weapons
 + Level 3.4 Throwing
 + Level 4.3 Armour
 + Level 7.4 Dodging
 + Level 8.6 Stealth
 + Level 3.4 Shields
 + Level 3.4 Unarmed Combat
 + Level 3.4 Spellcasting
 + Level 2.8 Conjurations
 + Level 2.8 Hexes
 + Level 2.8 Summonings
 + Level 2.8 Necromancy
 + Level 2.8 Translocations
 + Level 2.8 Transmutations
 + Level 2.8 Fire Magic
 + Level 2.8 Ice Magic
 + Level 2.8 Air Magic
 + Level 2.8 Earth Magic
 + Level 2.8 Poison Magic
 + Level 3.8 Invocations
 + Level 3.4 Evocations


You had 13 spell levels left.
You didn't know any spells.
Your spell library contained the following spells:

 Spells                   Type           Power      Damage    Failure   Level
 Apportation              Tloc           16%        N/A       41%         1
 Lesser Beckoning         Tloc           16%        N/A       54%         2
 Gell's Gravitas          Tloc           8%         N/A       78%         3
 Teleport Other           Tloc           8%         N/A       78%         3
 Alistair's Intoxication  Tmut/Pois      5%         N/A       100%        5
 Iskenderun's Battlesphe  Conj           8%         2d6       100%        5
 Iron Shot                Conj/Erth      4%         9d2       100%        6
 Spellforged Servitor     Conj/Summ      4%         N/A       100%        7


Dungeon Overview and Level Annotations

Branches:
Dungeon (6/15)             Temple (1/1) D:5

Altars:
Ashenzari
Dithmenos
Fedhas
Gozag
Hepliaklqana
Kikubaaqudgha
Makhleb
Nemelex Xobeh
Okawaru
Qazlal
Ru
Sif Muna
Trog
Uskayaw
Vehumet
Wu Jian
Yredelemnul
Zin
The Shining One

Annotations:
D:3 3 runed translucent doors, Turgon's ghost, amateur TrWn; ioannis32's ghost, amateur DsBe


Innate Abilities, Weirdness & Mutations

You have very sharp teeth.
Your uncanny sense of smell can sniff out nearby items.
Your experience applies equally to all skills.


Message History

You hit the iguana.
The iguana looks even sicker.
The iguana is moderately wounded.
The iguana bites you.
You hit the iguana but do no damage.
The iguana looks as sick as possible!
Your bite misses the iguana.
The iguana is moderately wounded.
The iguana barely misses you.
You closely miss the iguana.
The iguana is heavily wounded.
The iguana completely misses you.
You hit the iguana but do no damage.
The iguana looks as sick as possible!
The iguana is almost dead.
You kill the iguana!
No target in view!
A cyclops comes into view.
A cyclops is nearby!
A cyclops is nearby!
The cyclops shouts!
The cyclops barely misses you.
You hit the cyclops but do no damage. The cyclops closely misses you.
You hit the cyclops but do no damage.
The cyclops is poisoned.
You hit the cyclops but do no damage.
The cyclops looks as sick as possible!
The cyclops hits you!
You hit the cyclops.
The cyclops is lightly wounded.
You hit the cyclops.
The cyclops looks as sick as possible!
You punch the cyclops.
The cyclops is moderately wounded.
The cyclops hits you but does no damage.
You hit the cyclops but do no damage.
The cyclops looks as sick as possible!
The cyclops is moderately wounded.
The cyclops closely misses you.
You hit the cyclops but do no damage.
The cyclops looks as sick as possible!
The cyclops is moderately wounded.
You hit the cyclops but do no damage.
The cyclops is moderately wounded.
The cyclops hits you!!
The cyclops throws a large rock.
The large rock hits you!!
Ouch! That really hurt!
You die...

###.....# ....... # .......
.#. ###. ..... ...
####...####...# #.<#
.........##...# #..#
#.....#.##..C# #..##
##.....#.###.# ##....
..........@..# ##.....
#.....#.###### #......
#............########.....
##.##....####.............#
##....###.# ##########.#.##
...... #.# #.### #....###.#
#.# # #...## #.# ##.##
#########.#


You could see a cyclops (extremely poisoned).

Vanquished Creatures
  Grinder (D:4)
  Eustachio (D:4)
  An ice beast (D:6)
  An ogre (D:5)
  A phantom (D:4)
  2 scorpions
  A hound (D:4)
  2 orc priests
  4 iguanas
  2 sleepcaps
  Jessica (D:3)
  2 orc wizards (D:5)
  A gnoll (D:4)
  9 adders
  21 orcs
  2 ball pythons (D:4)
  5 bats
  5 endoplasms
  3 giant cockroaches
  5 goblins
  8 hobgoblins
  10 jackals
  7 kobolds
  7 quokkas
  3 frilled lizards
  6 rats
111 creatures vanquished.

Vanquished Creatures (collateral kills)
  A frilled lizard (D:3)
1 creature vanquished.

Vanquished Creatures (others)
  5 withered plants (D:3)
5 creatures vanquished.

Grand Total: 117 creatures vanquished

Notes
Turn   | Place    | Note
-------+----------+-------------------------------------------
     0 | D:1      | Anothat the Gnoll Wanderer began the quest for the Orb.
     0 | D:1      | Anothat set off with the following items: a +0 dagger, an
                  | atropa-tipped dart, 2 datura-tipped darts, a +0 falchion, a
                  | +0 helmet, a potion of might, a +0 robe.
     0 | D:1      | Reached XP level 1. HP: 17/17 MP: 1/1
   280 | D:1      | Reached XP level 2. HP: 23/23 MP: 2/2
  1446 | D:2      | Reached XP level 3. HP: 12/28 MP: 2/4
  1591 | D:2      | Reached skill level 1 in Invocations
  1621 | D:2      | Reached skill level 1 in Short Blades
  1621 | D:2      | Reached skill level 1 in Axes
  1621 | D:2      | Reached skill level 1 in Maces & Flails
  1621 | D:2      | Reached skill level 1 in Polearms
  1621 | D:2      | Reached skill level 1 in Staves
  1621 | D:2      | Reached skill level 1 in Ranged Weapons
  1621 | D:2      | Reached skill level 1 in Throwing
  1621 | D:2      | Reached skill level 1 in Shields
  1621 | D:2      | Reached skill level 1 in Unarmed Combat
  1621 | D:2      | Reached skill level 1 in Spellcasting
  1621 | D:2      | Reached skill level 1 in Evocations
  1760 | D:2      | Reached XP level 4. HP: 34/34 MP: 5/5
  2041 | D:2      | Reached skill level 1 in Conjurations
  2041 | D:2      | Reached skill level 1 in Hexes
  2041 | D:2      | Reached skill level 1 in Summonings
  2041 | D:2      | Reached skill level 1 in Necromancy
  2041 | D:2      | Reached skill level 1 in Translocations
  2041 | D:2      | Reached skill level 1 in Transmutations
  2041 | D:2      | Reached skill level 1 in Fire Magic
  2041 | D:2      | Reached skill level 1 in Ice Magic
  2041 | D:2      | Reached skill level 1 in Air Magic
  2041 | D:2      | Reached skill level 1 in Earth Magic
  2041 | D:2      | Reached skill level 1 in Poison Magic
  2457 | D:3      | Found a runed translucent gate.
  2457 | D:3      | Found a runed translucent gate.
  2457 | D:3      | Found a runed translucent gate.
  2486 | D:3      | Noticed ioannis32's ghost (amateur DsBe)
  2486 | D:3      | Noticed Turgon's ghost (amateur TrWn)
  2492 | D:3      | Noticed Jessica
  2499 | D:3      | Killed Jessica
  2500 | D:3      | Reached XP level 5. HP: 35/40 MP: 5/7
  2653 | D:3      | HP: 2/41 [poisoned by an adder]
  3167 | D:4      | Found a hazy altar of Hepliaklqana.
  3172 | D:4      | Noticed a phantom
  3187 | D:4      | Noticed Eustachio
  3189 | D:4      | Killed a phantom
  3190 | D:4      | Reached skill level 8 in Stealth
  3190 | D:4      | Reached XP level 6. HP: 40/47 MP: 8/8
  3269 | D:4      | Noticed Grinder
  3439 | D:4      | Killed Eustachio
  3728 | D:4      | Reached XP level 7. HP: 52/52 MP: 10/10
  3833 | D:4      | Found a shadowy altar of Dithmenos.
  3932 | D:4      | Killed Grinder
  4213 | D:4      | Identified a scroll of acquirement
  4213 | D:4      | Acquired 1071 gold pieces
  4235 | D:5      | Entered Level 5 of the Dungeon
  4253 | D:5      | Found a stormy altar of Qazlal.
  4379 | D:5      | Found a hide-covered altar of Uskayaw.
  4521 | D:5      | Found a staircase to the Ecumenical Temple.
  4529 | D:5      | Reached XP level 8. HP: 60/60 MP: 12/12
  4531 | Temple   | Entered the Ecumenical Temple
  4548 | Temple   | Became a worshipper of Ashenzari the Shackled
  5553 | D:6      | Noticed a cyclops
  5565 | D:6      | Hit by a large rock thrown by a cyclops

Illustrated notes

Levels and vault maps discovered:
D:1:      lightli_arrival_quake, layout_basic
D:2:      kb_forest_paths, layout_basic
D:3:      layout_rooms, gammafunk_ghost_cemetery, st_stairs_10, uniq_jessica
D:4:      layout_cave_pools, grunt_dithmenos_smoke_and_mirrors,
          mainiacjoe_overflow_concentric_impassable,
          minmay_fractal_squares_gapless_5, uniq_grinder, uniq_eustachio
D:5:      layout_basic, lemuel_crystal_altar, overflow_temple_1_default,
          minmay_temple_entry_proselytizer
D:6:      layout_loops_ring, serial_shops, nicolae_shop_overgrown_old_shop,
          shop, nicolae_hexahallways
Temple:   nicolae_temple_no_exploring_needed

Skill      XL: |  1  2  3  4  5  6  7 |
---------------+----------------------+-----
Invocations    | 1 2 3 |  3.8
Short Blades   | 1 2 3 |  3.4
Axes           | 1 2 3 |  3.4
Maces & Flails | 1 2 3 |  3.4
Polearms       | 1 2 3 |  3.4
Staves         | 1 2 3 |  3.4
Ranged Weapons | 1 2 3 |  3.4
Throwing       | 1 2 3 |  3.4
Shields        | 1 2 3 |  3.4
Unarmed Combat | 1 2 3 |  3.4
Spellcasting   | 1 2 3 |  3.4
Evocations     | 1 2 3 |  3.4
Conjurations   | 1 2 |  2.8
Hexes          | 1 2 |  2.8
Summonings     | 1 2 |  2.8
Necromancy     | 1 2 |  2.8
Translocations | 1 2 |  2.8
Transmutations | 1 2 |  2.8
Fire Magic     | 1 2 |  2.8
Ice Magic      | 1 2 |  2.8
Air Magic      | 1 2 |  2.8
Earth Magic    | 1 2 |  2.8
Poison Magic   | 1 2 |  2.8
Fighting       | 3 4 |  4.3
Long Blades    | 3 4 |  4.3
Armour         | 3 4 |  4.3
Stealth        | 8 |  8.6
Dodging        | 7 |  7.4

Action                     |  1- 3 |  4- 6 |  7- 9 || total
---------------------------+-------+-------+-------++-------
  Melee: Falchion          |   102 |   177 |       ||   279
         Dagger            |     8 |    19 |   144 ||   171
         Bite              |     6 |    17 |    13 ||    36
         Punch             |     1 |     5 |     4 ||    10
  Throw: Dart              |       |     3 |       ||     3
    Use: Scroll            |     3 |    12 |     1 ||    16
         Potion            |       |     3 |       ||     3
   Stab: Sleeping          |     7 |     6 |    10 ||    23
         Distracted        |       |     1 |       ||     1
 Armour: Robe              |     8 |       |       ||     8
         Scale mail        |    50 |    94 |    53 ||   197
  Dodge: Dodged            |    75 |   145 |    55 ||   275
